Inferno vs Gangsters (R1)

Created - May 11, 2020 at 19:00

Goals
1 2 3 OT1 T
Inferno 1 2 2 0 5
Gangsters 1 3 1 1 6
Shots
1 2 3 OT1 T
Inferno 6 17 17 0 40
Gangsters 9 17 10 1 37

1st period

1. Inferno , Anders Lee 48 (Matthew Nieto 26) at 5:12
2. Gangsters , David Pope 30 (Devante Smith-Pelly 51) at 6:07

Penalties :
Samuel Blais (Bro) for Hooking (Minor) at 9:01, David Savard (Anc) for High sticking (Double Minor) at 18:23

2nd period

3. Inferno , Jimmy Hayes 36 (Vladimir Sobotka 17) at 6:19
4. Gangsters , Devante Smith-Pelly 42 (Richard Panik 69, Seth Griffith 35) at 8:04
5. Inferno , Vladimir Sobotka 22 (Christian Folin 38, Matt Kassian 18) at 10:40 (SH)
6. Gangsters , Kevin Roy 19 (Jonas Brodin 34, Dustin Tokarski) at 11:30 (PP)
7. Gangsters , Sebastian Collberg 11 (Ryan Culkin 9) at 15:43

Penalties :
Kevin Labanc (Anc) for Holding (Minor) at 10:26, Morgan Ellis (Bro) for Cross-checking (Minor) at 12:06, Matthew Nieto (Anc) for Hooking (Minor) at 16:15, Adam Lowry (Bro) for Slashing (Minor) at 19:13

3rd period

8. Inferno , Kevin Labanc 29 (Christian Folin 39, Philip Varone 23) at 11:11
9. Gangsters , David Pope 31 (Brett Ponich 42) at 15:27
10. Inferno , Christian Folin 8 (Jimmy Hayes 43, Anders Lee 61) at 17:46 (PP)

Penalties :
Jonas Brodin (Bro) for Slashing (Minor) at 1:54, Tyler Shattock (Anc) for Slashing (Minor) at 6:15, Matt Delahey (Bro) for Hooking (Minor) at 11:33, Morgan Ellis (Bro) for Hooking (Minor) at 17:29, Adam Lowry (Bro) for Boarding (Minor) at 18:08

Overtime #1

11. Gangsters , Jonas Brodin 10 (Morgan Ellis 12) at 0:43

Penalties :
No Penalty

Goalie Stats

Michael Hutchinson (Anc), 31 saves from 37 shots - (0.838), OTL, 12-16-2, 60:43 minutes
Dustin Tokarski (Bro), 35 saves from 40 shots - (0.875), W, 35-25-5, 60:43 minutes

Players Stats for Inferno

Player Name              G  A  P  +/- PIM S  H  SB GA TA FO     MP     PP MP  PK MP  
------------------------------------------------------------------------------------
Anders Lee               1  1  2  -1  0   5  1  4  0  0  5/24   22:24   6:44   2:28 
Bryan Rust               0  0  0   1  0   0  0  0  0  0  0/0     6:17   0:00   1:56 
Christian Folin          1  2  3   1  0   4  4  1  0  0  0/0    29:24   7:42   6:02 
David Savard             0  0  0   1  4   8  3  1  1  1  0/0    29:40   7:42   2:59 
Esa Lindell              0  0  0   0  0   0  1  0  0  0  0/0    19:23   4:21   2:21 
Frank Corrado            0  0  0  -2  0   0  0  0  0  1  0/0    10:40   0:00   0:38 
Greg Pateryn             0  0  0  -2  0   0  1  1  0  0  0/0    11:17   0:00   1:15 
Jimmy Hayes              1  1  2   1  0   4  2  0  0  0  1/4    18:34   6:44   0:00 
Kevin Labanc             1  0  1  -2  2   4  0  0  1  1  0/0    17:08   5:19   0:00 
Mathieu Brodeur          0  0  0   0  0   1  1  2  0  0  0/0    23:17   4:21   4:47 
Matt Kassian             0  1  1   1  0   0  2  0  0  2  1/2    11:15   0:00   3:43 
Matthew Nieto            0  1  1   0  2   3  2  3  0  0  1/1    21:06   5:19   2:27 
Peter Cehlarik           0  0  0  -2  0   0  1  0  0  0  0/0     7:20   0:00   0:27 
Philip Varone            0  1  1   0  0   3  2  0  0  1  5/9    14:05   5:19   0:07 
Tanner Pearson           0  0  0   1  0   4  1  0  1  1  0/2    19:18   6:44   1:19 
Tyler Shattock           0  0  0  -2  2   0  1  0  0  0  0/0     8:42   0:00   0:00 
Victor Rask              0  0  0  -2  0   0  0  0  1  0  0/1     6:48   0:00   0:00 
Vladimir Sobotka         1  1  2   2  0   4  1  1  0  1  13/23  17:09   0:00   5:35 

Players Stats for Gangsters

Player Name              G  A  P  +/- PIM S  H  SB GA TA FO     MP     PP MP  PK MP  
------------------------------------------------------------------------------------
Adam Lowry               0  0  0  -1  4   0  1  0  0  0  4/6    10:16   0:00   0:00 
Brett Ponich             0  1  1   0  0   1  3  3  2  1  0/0    27:22   5:26   6:23 
Dave Dziurzynski         0  0  0  -2  0   5  3  0  1  0  0/1    19:45   4:59   3:34 
David Pope               2  0  2   3  0   7  0  0  0  0  1/1    13:10   4:02   0:00 
Derrick Pouliot          0  0  0   0  0   0  1  0  0  1  0/0    11:02   0:00   0:09 
Devante Smith-Pelly      1  1  2   3  0   3  2  1  0  1  1/1    20:44   4:02   7:02 
Jake Marchment           0  0  0   0  0   0  0  0  0  0  1/1     7:52   0:00   0:00 
Jonas Brodin             1  1  2   1  2   4  1  1  2  0  0/0    20:12   3:35   3:42 
Kevin Roy                1  0  1   3  0   2  1  0  1  0  4/8    13:10   4:02   0:00 
Matt Delahey             0  0  0   0  2   2  0  2  1  1  0/0    29:21   5:26   6:14 
Morgan Ellis             0  1  1   1  4   2  1  2  0  0  0/0    20:49   3:35   4:06 
Phillip Danault          0  0  0   1  0   2  1  0  0  0  0/0    10:47   0:00   0:53 
Richard Panik            0  1  1  -2  0   2  0  3  0  0  10/16  24:13   4:59   6:44 
Ryan Culkin              0  1  1   0  0   0  0  1  0  0  0/0    13:20   0:00   3:48 
Samuel Blais             0  0  0   0  2   0  0  0  0  0  0/1    10:11   0:00   1:25 
Sebastian Collberg       1  0  1   0  0   3  0  1  0  0  0/0     7:52   0:00   0:00 
Seth Griffith            0  1  1  -2  0   2  2  0  1  0  19/30  17:35   4:59   1:02 
Stefan Noesen            0  0  0  -1  0   2  3  1  0  0  0/1    12:53   0:00   3:34 

3 Stars

1 - David Pope (Bro)
2 - Christian Folin (Anc)
3 - Devante Smith-Pelly (Bro)

Power Play

Inferno - 1 on 7 Attempt(s) - 14.29%
Gangsters - 1 on 5 Attempt(s) - 20.00%

Penalty Kill

Inferno - 4 on 5 Attempt(s) - 80.00% - Score 1 goal in Penalty Kill
Gangsters - 6 on 7 Attempt(s) - 85.71% - Score 0 goal in Penalty Kill

Team Stat

Inferno - Hits : 23 - Faceoff Wins : 26 - Blocked Shots : 13 - Penalty Minutes : 10
Gangsters - Hits : 19 - Faceoff Wins : 40 - Blocked Shots : 15 - Penalty Minutes : 14

Official

Referees : Unknown
Linesman : Unknown

Game Notes

Bryan Rust is injured at 1:21 of 2nd period (Strained Back)
Brett Ponich is injured at 15:29 of 3rd period (Torn Left ACL)

Finance

Level 1 -- Attendance: 1351 (67.55%) -- Ticket Income $54,040
Level 2 -- Attendance: 665 (66.50%) -- Ticket Income $13,300
Total Attendance: 2016 (67.20%)
Total Ticket Income: $67,340
Other Income: $3,367
Total Income: $70,707

Inferno

5 vs 5 Forward 
   Center                   Left Wing                Right Wing               Time % Phy DF OF 
 1 Vladimir Sobotka         Tanner Pearson           Jimmy Hayes              40     1   2  2  
 2 Anders Lee               Matthew Nieto            Bryan Rust               30     1   2  2  
 3 Philip Varone            Matt Kassian             Kevin Labanc             20     1   2  2  
 4 Victor Rask              Peter Cehlarik           Tyler Shattock           10     1   2  2  

5 vs 5 Defense 
   Defense                  Defense                                           Time % Phy DF OF 
 1 David Savard             Christian Folin                                   40     1   2  2  
 2 Esa Lindell              Mathieu Brodeur                                   30     1   2  2  
 3 Greg Pateryn             Frank Corrado                                     20     1   2  2  
 4 David Savard             Mathieu Brodeur                                   10     1   2  2  

PowerPlay Forward 
   Center                   Left Wing                Right Wing               Time % Phy DF OF 
 1 Anders Lee               Tanner Pearson           Jimmy Hayes              60     1   2  2  
 2 Philip Varone            Matthew Nieto            Kevin Labanc             40     1   2  2  

PowerPlay Defense
   Defense                  Defense                                           Time % Phy DF OF 
 1 David Savard             Christian Folin                                   60     1   2  2  
 2 Esa Lindell              Mathieu Brodeur                                   40     1   2  2  

Penalty Kill 4 Players Forward 
   Center                   Wing                     Time % Phy DF OF 
 1 Vladimir Sobotka         Bryan Rust               60     1   2  2  
 2 Anders Lee               Matt Kassian             40     1   2  2  

Penalty Kill 4 Players Defense
   Defense                  Defense                  Time % Phy DF OF 
 1 David Savard             Christian Folin          60     1   2  2  
 2 Esa Lindell              Mathieu Brodeur          40     1   2  2  

Penalty Kill - 3 Players Forward 
   Forward                                           Time % Phy DF OF 
 1 Vladimir Sobotka                                  60     1   2  2  
 2 Bryan Rust                                        40     1   2  2  

Penalty Kill - 3 Players Defense
   Defense                  Defense                  Time % Phy DF OF 
 1 David Savard             Christian Folin          60     1   2  2  
 2 Esa Lindell              Mathieu Brodeur          40     1   2  2  

4 vs 4 Forward 
   Center                   Wing                     Time % Phy DF OF 
 1 Vladimir Sobotka         Jimmy Hayes              60     1   2  2  
 2 Anders Lee               Bryan Rust               40     1   2  2  

4 vs 4 Defense
   Defense                  Defense                  Time % Phy DF OF 
 1 David Savard             Christian Folin          60     1   2  2  
 2 Esa Lindell              Mathieu Brodeur          40     1   2  2  

Last Minutes Offensive
   Center                   Left Wing                Right Wing               Defense                  Defense                  
   Vladimir Sobotka         Tanner Pearson           Jimmy Hayes              David Savard             Christian Folin          

Last Minutes Defensive
   Center                   Left Wing                Right Wing               Defense                  Defense                  
   Vladimir Sobotka         Tanner Pearson           Jimmy Hayes              David Savard             Christian Folin          

Goaltenders
Starting : Michael Hutchinson       
Backup : Christopher Gibson       

Extra Forwards
Normal : Bryan Rust, Kevin Labanc, Matthew Nieto - PP : Kevin Labanc, Anders Lee - PK : Matt Kassian
Extra Defensemen
Normal : Esa Lindell, Mathieu Brodeur, Greg Pateryn - PP : Esa Lindell - PK : Mathieu Brodeur, Greg Pateryn
Penalty Shots
Jimmy Hayes, Tanner Pearson, Anders Lee, Kevin Labanc, Victor Rask

Scratches
Chris Brown (Healthy), Ryan Spooner (Healthy), Trevor Carrick (Healthy), Petteri Lindbohm (Healthy), Eric Karlsson (Healthy)
Barclay Goodrow (Healthy), John Gilmour (Healthy), Ryan Donato (Healthy), Vladislav Kamenev (Healthy), Dominik Masin (Healthy)
Colby Robak (Healthy), Brandon Hickey (Healthy), Nathan Lieuwen (Healthy), Vitek Vanecek (Healthy)

Gangsters

5 vs 5 Forward 
   Center                   Left Wing                Right Wing               Time % Phy DF OF 
 1 Seth Griffith            Dave Dziurzynski         Richard Panik            40     1   2  2  
 2 Kevin Roy                David Pope               Devante Smith-Pelly      30     1   2  2  
 3 Adam Lowry               Phillip Danault          Stefan Noesen            20     1   2  2  
 4 Jake Marchment           Samuel Blais             Sebastian Collberg       10     1   2  2  

5 vs 5 Defense 
   Defense                  Defense                                           Time % Phy DF OF 
 1 Matt Delahey             Brett Ponich                                      40     1   2  2  
 2 Morgan Ellis             Jonas Brodin                                      30     1   2  2  
 3 Derrick Pouliot          Ryan Culkin                                       20     1   2  2  
 4 Matt Delahey             Brett Ponich                                      10     1   2  2  

PowerPlay Forward 
   Center                   Left Wing                Right Wing               Time % Phy DF OF 
 1 Seth Griffith            Dave Dziurzynski         Richard Panik            60     1   2  2  
 2 Kevin Roy                David Pope               Devante Smith-Pelly      40     1   2  2  

PowerPlay Defense
   Defense                  Defense                                           Time % Phy DF OF 
 1 Matt Delahey             Brett Ponich                                      60     1   2  2  
 2 Morgan Ellis             Jonas Brodin                                      40     1   2  2  

Penalty Kill 4 Players Forward 
   Center                   Wing                     Time % Phy DF OF 
 1 Richard Panik            Devante Smith-Pelly      60     1   2  2  
 2 Dave Dziurzynski         Stefan Noesen            40     1   2  2  

Penalty Kill 4 Players Defense
   Defense                  Defense                  Time % Phy DF OF 
 1 Matt Delahey             Brett Ponich             60     1   2  2  
 2 Morgan Ellis             Jonas Brodin             40     1   2  2  

Penalty Kill - 3 Players Forward 
   Forward                                           Time % Phy DF OF 
 1 Richard Panik                                     60     1   2  2  
 2 Devante Smith-Pelly                               40     1   2  2  

Penalty Kill - 3 Players Defense
   Defense                  Defense                  Time % Phy DF OF 
 1 Matt Delahey             Brett Ponich             60     1   2  2  
 2 Morgan Ellis             Jonas Brodin             40     1   2  2  

4 vs 4 Forward 
   Center                   Wing                     Time % Phy DF OF 
 1 Richard Panik            Devante Smith-Pelly      60     1   2  2  
 2 Dave Dziurzynski         Stefan Noesen            40     1   2  2  

4 vs 4 Defense
   Defense                  Defense                  Time % Phy DF OF 
 1 Matt Delahey             Brett Ponich             60     1   2  2  
 2 Morgan Ellis             Jonas Brodin             40     1   2  2  

Last Minutes Offensive
   Center                   Left Wing                Right Wing               Defense                  Defense                  
   Seth Griffith            Dave Dziurzynski         Richard Panik            Matt Delahey             Brett Ponich             

Last Minutes Defensive
   Center                   Left Wing                Right Wing               Defense                  Defense                  
   Seth Griffith            Dave Dziurzynski         Richard Panik            Matt Delahey             Brett Ponich             

Goaltenders
Starting : Dustin Tokarski          
Backup : Jordan Binnington        

Extra Forwards
Normal : Phillip Danault, Sebastian Collberg, Samuel Blais - PP : Phillip Danault, Sebastian Collberg - PK : Samuel Blais
Extra Defensemen
Normal : Derrick Pouliot, Ryan Culkin, Morgan Ellis - PP : Derrick Pouliot - PK : Ryan Culkin, Morgan Ellis
Penalty Shots
Richard Panik, Devante Smith-Pelly, Dave Dziurzynski, Stefan Noesen, Seth Griffith

Scratches
Jordan Subban (Healthy), Steven Santini (Healthy), Joshua Jacobs (Healthy), Jacob Middleton (Healthy), Julius Vahatalo (Healthy)
Connor Chatam (Healthy), Hugo Fagerblom (Healthy)

% Time on Ice - Inferno

Lines # - Real PCT - Wanted PCT - Time Play
Normal Forward
1 - 36% - 40% - 14:12
2 - 27% - 30% - 10:24
3 - 19% - 20% - 7:32
4 - 17% - 10% - 6:48
Normal Defense
1 - 38% - 40% - 14:51
2 - 34% - 30% - 13:08
3 - 25% - 20% - 9:52
4 - 3% - 10% - 1:05
PP Forward
1 - 56% - 60% - 6:44
2 - 44% - 40% - 5:19
PP Defense
1 - 64% - 60% - 7:42
2 - 36% - 40% - 4:21
PK Forward
1 - 95% - 60% - 8:33
2 - 5% - 40% - 0:28
PK Defense
1 - 74% - 60% - 6:40
2 - 26% - 40% - 2:21
PK3 Forward
1 - 0% - 60%
2 - 0% - 40%
PK3 Defense
1 - 0% - 60%
2 - 0% - 40%
44 Forward
1 - 84% - 60% - 0:36
2 - 16% - 40% - 0:07
44 Defense
1 - 100% - 60% - 0:43
2 - 0% - 40% - 0:00
Last Minute Offensive  - 0:00
Last Minute Defensive  - 0:00
Total
Forward - 60:43
Defense - 60:43

% Time on Ice - Gangsters

Lines # - Real PCT - Wanted PCT - Time Play
Normal Forward
1 - 32% - 40% - 12:37
2 - 24% - 30% - 9:09
3 - 24% - 20% - 9:18
4 - 20% - 10% - 7:52
Normal Defense
1 - 42% - 40% - 16:17
2 - 32% - 30% - 12:30
3 - 23% - 20% - 9:02
4 - 3% - 10% - 1:07
PP Forward
1 - 55% - 60% - 4:59
2 - 45% - 40% - 4:02
PP Defense
1 - 60% - 60% - 5:26
2 - 40% - 40% - 3:35
PK Forward
1 - 70% - 60% - 8:29
2 - 30% - 40% - 3:34
PK Defense
1 - 61% - 60% - 7:18
2 - 39% - 40% - 4:45
PK3 Forward
1 - 100% - 60% - 0:08
2 - 0% - 40% - 0:00
PK3 Defense
1 - 100% - 60% - 0:08
2 - 0% - 40% - 0:00
44 Forward
1 - 100% - 60% - 0:35
2 - 0% - 40% - 0:00
44 Defense
1 - 51% - 60% - 0:18
2 - 49% - 40% - 0:17
Last Minute Offensive  - 0:00
Last Minute Defensive  - 0:00
Total
Forward - 60:43
Defense - 60:43

Play-by-Play

1st period


0:01 of 1st period - Seth Griffith wins face-off versus Jimmy Hayes in neutral zone.
0:27 of 1st period - Matt Delahey is hit by David Savard and loses puck.
0:52 of 1st period - Mathieu Brodeur is hit by Stefan Noesen.
2:02 of 1st period - Derrick Pouliot is hit by Matt Kassian and loses puck.
2:41 of 1st period - Off-side.
2:42 of 1st period - Vladimir Sobotka wins face-off versus Seth Griffith in neutral zone.
2:51 of 1st period - Slapshot by Richard Panik.
2:51 of 1st period - Stopped by Michael Hutchinson with a rebound.
2:53 of 1st period - Backhand shot by Brett Ponich.
2:53 of 1st period - Deflect By Richard Panik.
2:53 of 1st period - Shot Blocked by Vladimir Sobotka.
2:53 of 1st period - Puck is out of play.
2:54 of 1st period - Richard Panik wins face-off versus Anders Lee in Inferno zone.
2:57 of 1st period - Snap shot by Richard Panik.
2:57 of 1st period - Stopped by Michael Hutchinson without a rebound.
2:58 of 1st period - Seth Griffith wins face-off versus Anders Lee in Inferno zone.
3:07 of 1st period - Snap shot by Richard Panik.
3:07 of 1st period - Shot Misses the Net.
3:09 of 1st period - Slapshot by Dave Dziurzynski.
3:09 of 1st period - Shot Blocked by Matthew Nieto.
3:11 of 1st period - Wrist shot by Dave Dziurzynski.
3:11 of 1st period - Shot Blocked by David Savard.
3:13 of 1st period - Slapshot by Brett Ponich.
3:13 of 1st period - Deflect By Dave Dziurzynski.
3:13 of 1st period - Stopped by Michael Hutchinson with a rebound.
3:29 of 1st period - Slapshot by Stefan Noesen.
3:29 of 1st period - Shot Misses the Net.
3:31 of 1st period - Slapshot by Matt Delahey.
3:31 of 1st period - Shot Blocked by Mathieu Brodeur.
3:42 of 1st period - Icing by Bryan Rust.
3:43 of 1st period - Anders Lee wins face-off versus Kevin Roy in Inferno zone.
3:52 of 1st period - Slapshot by Jimmy Hayes.
3:52 of 1st period - Shot Misses the Net.
3:54 of 1st period - Slapshot by Vladimir Sobotka.
3:54 of 1st period - Stopped by Dustin Tokarski with a rebound.
3:58 of 1st period - Wrist shot by Vladimir Sobotka.
3:58 of 1st period - Stopped by Dustin Tokarski without a rebound.
3:59 of 1st period - Seth Griffith wins face-off versus Philip Varone in Gangsters zone.
4:12 of 1st period - Slapshot by Seth Griffith.
4:12 of 1st period - Shot Blocked by Greg Pateryn.
4:24 of 1st period - Tanner Pearson is hit by Brett Ponich and loses puck.
4:33 of 1st period - Wrist shot by Tanner Pearson.
4:33 of 1st period - Shot Blocked by Brett Ponich.
5:12 of 1st period - Slapshot by Anders Lee.
5:12 of 1st period - Goal by Anders Lee - Inferno : 1 - Gangsters : 0.
5:13 of 1st period - Seth Griffith wins face-off versus Vladimir Sobotka in neutral zone.
5:22 of 1st period - Snap shot by Richard Panik.
5:22 of 1st period - Shot Misses the Net.
5:42 of 1st period - Slapshot by Anders Lee.
5:42 of 1st period - Shot Misses the Net.
6:02 of 1st period - Matt Kassian is hit by Devante Smith-Pelly and loses puck.
6:07 of 1st period - Snap shot by David Pope.
6:07 of 1st period - Goal by David Pope - Inferno : 1 - Gangsters : 1.
6:08 of 1st period - Vladimir Sobotka wins face-off versus Kevin Roy in neutral zone.
6:33 of 1st period - Matt Kassian is hit by Stefan Noesen and loses puck.
6:40 of 1st period - Wrist shot by David Savard.
6:40 of 1st period - Stopped by Dustin Tokarski without a rebound.
6:41 of 1st period - Seth Griffith wins face-off versus Jimmy Hayes in Gangsters zone.
6:53 of 1st period - Icing by Seth Griffith.
6:54 of 1st period - Vladimir Sobotka wins face-off versus Seth Griffith in Gangsters zone.
8:22 of 1st period - Snap shot by Matthew Nieto.
8:22 of 1st period - Stopped by Dustin Tokarski with a rebound.
8:28 of 1st period - Slapshot by David Pope.
8:28 of 1st period - Stopped by Michael Hutchinson with a rebound.
8:40 of 1st period - Snap shot by Vladimir Sobotka.
8:40 of 1st period - Deflect By Matt Delahey.
8:40 of 1st period - Shot Blocked by Stefan Noesen.
8:40 of 1st period - Puck is out of play.
8:41 of 1st period - Vladimir Sobotka wins face-off versus Adam Lowry in Gangsters zone.
8:42 of 1st period - Snap shot by Tanner Pearson.
8:42 of 1st period - Stopped by Dustin Tokarski without a rebound.
8:43 of 1st period - Adam Lowry wins face-off versus Vladimir Sobotka in Gangsters zone.
8:58 of 1st period - Slapshot by Jimmy Hayes.
8:58 of 1st period - Deflect By Morgan Ellis.
8:58 of 1st period - Shot Blocked by Morgan Ellis.
8:58 of 1st period - Puck is out of play.
8:59 of 1st period - Jake Marchment wins face-off versus Anders Lee in Gangsters zone.
9:01 of 1st period - Minor Penalty to Samuel Blais for Hooking.
9:02 of 1st period - Richard Panik wins face-off versus Anders Lee in Gangsters zone.
9:42 of 1st period - Snap shot by Dave Dziurzynski.
9:42 of 1st period - Shot Misses the Net.
10:12 of 1st period - Matt Delahey is hit by Philip Varone and loses puck.
11:01 of 1st period - Penalty to Samuel Blais is over, Samuel Blais is back on ice.
11:07 of 1st period - Samuel Blais is hit by David Savard.
11:40 of 1st period - Greg Pateryn is hit by Adam Lowry and loses puck.
12:05 of 1st period - Tyler Shattock is hit by Morgan Ellis.
12:15 of 1st period - Devante Smith-Pelly is hit by Philip Varone and loses puck.
13:22 of 1st period - Vladimir Sobotka is hit by Devante Smith-Pelly and loses puck.
13:31 of 1st period - Jimmy Hayes is hit by Derrick Pouliot and loses puck.
14:08 of 1st period - David Savard is hit by Phillip Danault.
14:26 of 1st period - David Savard is hit by Seth Griffith and loses puck.
14:53 of 1st period - Sebastian Collberg is hit by Vladimir Sobotka and loses puck.
15:06 of 1st period - Slapshot by Devante Smith-Pelly.
15:06 of 1st period - Stopped by Michael Hutchinson without a rebound.
15:07 of 1st period - Devante Smith-Pelly wins face-off versus Philip Varone in Inferno zone.
15:08 of 1st period - Backhand shot by David Pope.
15:08 of 1st period - Shot Misses the Net.
17:15 of 1st period - Wrist shot by Phillip Danault.
17:15 of 1st period - Stopped by Michael Hutchinson with a rebound.
17:56 of 1st period - Snap shot by David Pope.
17:56 of 1st period - Stopped by Michael Hutchinson without a rebound.
17:57 of 1st period - Kevin Roy wins face-off versus Vladimir Sobotka in Inferno zone.
18:00 of 1st period - Snap shot by David Pope.
18:00 of 1st period - Shot Misses the Net.
18:23 of 1st period - Double Minor Penalty to David Savard for High sticking.
18:24 of 1st period - Vladimir Sobotka wins face-off versus Seth Griffith in Inferno zone.
18:35 of 1st period - Wrist shot by Dave Dziurzynski.
18:35 of 1st period - Stopped by Michael Hutchinson without a rebound.
18:36 of 1st period - Richard Panik wins face-off versus Vladimir Sobotka in Inferno zone.
Goals for this period are 1 for Inferno vs 1 for Gangsters.
Shots for this period are 6 for Inferno vs 9 for Gangsters.

2nd period


0:01 of 2nd period - Vladimir Sobotka wins face-off versus Seth Griffith in neutral zone.
0:26 of 2nd period - Christian Folin is hit by Brett Ponich and loses puck.
0:31 of 2nd period - Wrist shot by David Pope.
0:31 of 2nd period - Shot Misses the Net.
1:20 of 2nd period - Bryan Rust is hit by Kevin Roy.
1:21 of 2nd period - Bryan Rust from Inferno is injured at 1:21 of 2nd period (Strained Back).
1:22 of 2nd period - Seth Griffith wins face-off versus Vladimir Sobotka in Inferno zone.
2:23 of 2nd period - Penalty to David Savard is over, David Savard is back on ice.
2:46 of 2nd period - Snap shot by Anders Lee.
2:46 of 2nd period - Stopped by Dustin Tokarski with a rebound.
3:04 of 2nd period - Wrist shot by David Savard.
3:04 of 2nd period - Stopped by Dustin Tokarski with a rebound.
3:48 of 2nd period - Matt Delahey is hit by Greg Pateryn and loses puck.
4:03 of 2nd period - Slapshot by David Savard.
4:03 of 2nd period - Stopped by Dustin Tokarski with a rebound.
4:05 of 2nd period - Wrist shot by Matthew Nieto.
4:05 of 2nd period - Stopped by Dustin Tokarski with a rebound.
4:07 of 2nd period - Snap shot by Matthew Nieto.
4:07 of 2nd period - Shot Blocked by Morgan Ellis.
4:09 of 2nd period - Snap shot by Matthew Nieto.
4:09 of 2nd period - Shot Misses the Net.
4:11 of 2nd period - Wrist shot by David Savard.
4:11 of 2nd period - Stopped by Dustin Tokarski with a rebound.
4:13 of 2nd period - Slapshot by Matthew Nieto.
4:13 of 2nd period - Shot Misses the Net.
4:15 of 2nd period - Snap shot by David Savard.
4:15 of 2nd period - Shot Misses the Net.
4:35 of 2nd period - Slapshot by Esa Lindell.
4:35 of 2nd period - Shot Blocked by Sebastian Collberg.
4:37 of 2nd period - Wrist shot by David Savard.
4:37 of 2nd period - Deflect By Jonas Brodin.
4:37 of 2nd period - Stopped by Dustin Tokarski with a rebound.
4:39 of 2nd period - Wrist shot by David Savard.
4:39 of 2nd period - Stopped by Dustin Tokarski with a rebound.
4:41 of 2nd period - Wrist shot by David Savard.
4:41 of 2nd period - Shot Misses the Net.
4:43 of 2nd period - Snap shot by Anders Lee.
4:43 of 2nd period - Shot Misses the Net.
4:52 of 2nd period - Snap shot by Jake Marchment.
4:52 of 2nd period - Shot Misses the Net.
4:54 of 2nd period - Slapshot by Jonas Brodin.
4:54 of 2nd period - Stopped by Michael Hutchinson with a rebound.
4:56 of 2nd period - Snap shot by Sebastian Collberg.
4:56 of 2nd period - Stopped by Michael Hutchinson with a rebound.
4:58 of 2nd period - Slapshot by Morgan Ellis.
4:58 of 2nd period - Shot Blocked by Mathieu Brodeur.
5:00 of 2nd period - Slapshot by Morgan Ellis.
5:00 of 2nd period - Shot Blocked by Matthew Nieto.
5:04 of 2nd period - Snap shot by Morgan Ellis.
5:04 of 2nd period - Stopped by Michael Hutchinson with a rebound.
5:06 of 2nd period - Slapshot by Samuel Blais.
5:06 of 2nd period - Shot Misses the Net.
5:08 of 2nd period - Slapshot by Jonas Brodin.
5:08 of 2nd period - Stopped by Michael Hutchinson with a rebound.
5:10 of 2nd period - Wrist shot by Sebastian Collberg.
5:10 of 2nd period - Stopped by Michael Hutchinson with a rebound.
5:12 of 2nd period - Slapshot by Jonas Brodin.
5:12 of 2nd period - Deflect By Anders Lee.
5:12 of 2nd period - Stopped by Michael Hutchinson without a rebound.
5:13 of 2nd period - Seth Griffith wins face-off versus Vladimir Sobotka in Inferno zone.
5:26 of 2nd period - Seth Griffith is hit by Jimmy Hayes and loses puck.
5:49 of 2nd period - Snap shot by Devante Smith-Pelly.
5:49 of 2nd period - Deflect By Kevin Roy.
5:49 of 2nd period - Stopped by Michael Hutchinson without a rebound.
5:50 of 2nd period - Kevin Roy wins face-off versus Victor Rask in Inferno zone.
5:53 of 2nd period - Wrist shot by David Pope.
5:53 of 2nd period - Stopped by Michael Hutchinson with a rebound.
6:01 of 2nd period - Snap shot by Mathieu Brodeur.
6:01 of 2nd period - Stopped by Dustin Tokarski without a rebound.
6:02 of 2nd period - Vladimir Sobotka wins face-off versus Seth Griffith in Gangsters zone.
6:11 of 2nd period - Wrist shot by Tanner Pearson.
6:11 of 2nd period - Stopped by Dustin Tokarski without a rebound.
6:12 of 2nd period - Vladimir Sobotka wins face-off versus Dave Dziurzynski in Gangsters zone.
6:19 of 2nd period - Wrist shot by Jimmy Hayes.
6:19 of 2nd period - Goal by Jimmy Hayes - Inferno : 2 - Gangsters : 1.
6:20 of 2nd period - Vladimir Sobotka wins face-off versus Seth Griffith in neutral zone.
6:20 of 2nd period - Vladimir Sobotka is hit by Dave Dziurzynski.
6:24 of 2nd period - Snap shot by Jimmy Hayes.
6:24 of 2nd period - Stopped by Dustin Tokarski with a rebound.
6:50 of 2nd period - Slapshot by Esa Lindell.
6:50 of 2nd period - Shot Blocked by Matt Delahey.
8:04 of 2nd period - Wrist shot by Devante Smith-Pelly.
8:04 of 2nd period - Goal by Devante Smith-Pelly - Inferno : 2 - Gangsters : 2.
8:05 of 2nd period - Vladimir Sobotka wins face-off versus Seth Griffith in neutral zone.
8:21 of 2nd period - Snap shot by Dave Dziurzynski.
8:21 of 2nd period - Stopped by Michael Hutchinson without a rebound.
8:22 of 2nd period - Matthew Nieto wins face-off versus Kevin Roy in Inferno zone.
8:35 of 2nd period - Slapshot by Brett Ponich.
8:35 of 2nd period - Stopped by Michael Hutchinson with a rebound.
8:49 of 2nd period - Richard Panik is hit by Christian Folin and loses puck.
9:18 of 2nd period - Off-side.
9:19 of 2nd period - Kevin Roy wins face-off versus Anders Lee in neutral zone.
9:32 of 2nd period - Wrist shot by Devante Smith-Pelly.
9:32 of 2nd period - Shot Blocked by Anders Lee.
9:41 of 2nd period - Icing by David Pope.
9:42 of 2nd period - Seth Griffith wins face-off versus Vladimir Sobotka in Gangsters zone.
10:13 of 2nd period - Snap shot by Matthew Nieto.
10:13 of 2nd period - Stopped by Dustin Tokarski with a rebound.
10:15 of 2nd period - Slapshot by Kevin Labanc.
10:15 of 2nd period - Stopped by Dustin Tokarski without a rebound.
10:16 of 2nd period - Seth Griffith wins face-off versus Anders Lee in Gangsters zone.
10:16 of 2nd period - Richard Panik is hit by Anders Lee and loses puck.
10:21 of 2nd period - Wrist shot by Kevin Labanc.
10:21 of 2nd period - Stopped by Dustin Tokarski with a rebound.
10:23 of 2nd period - Snap shot by Matthew Nieto.
10:23 of 2nd period - Shot Misses the Net.
10:25 of 2nd period - Snap shot by Anders Lee.
10:25 of 2nd period - Stopped by Dustin Tokarski with a rebound.
10:26 of 2nd period - Minor Penalty to Kevin Labanc for Holding.
10:27 of 2nd period - Vladimir Sobotka wins face-off versus Seth Griffith in Inferno zone.
10:40 of 2nd period - Snap shot by Vladimir Sobotka.
10:40 of 2nd period - Goal by Vladimir Sobotka - Inferno : 3 - Gangsters : 2.
10:41 of 2nd period - Vladimir Sobotka wins face-off versus Seth Griffith in neutral zone.
10:52 of 2nd period - Matt Kassian is hit by Seth Griffith.
10:56 of 2nd period - Wrist shot by Richard Panik.
10:56 of 2nd period - Shot Misses the Net.
11:06 of 2nd period - Matt Delahey is hit by Christian Folin and loses puck.
11:30 of 2nd period - Slapshot by Kevin Roy.
11:30 of 2nd period - Goal by Kevin Roy - Inferno : 3 - Gangsters : 3.
11:31 of 2nd period - Seth Griffith wins face-off versus Anders Lee in neutral zone.
11:40 of 2nd period - Wrist shot by Richard Panik.
11:40 of 2nd period - Shot Misses the Net.
12:05 of 2nd period - Wrist shot by Jimmy Hayes.
12:05 of 2nd period - Deflect By Tanner Pearson.
12:05 of 2nd period - Deflect By David Pope.
12:05 of 2nd period - Shot Blocked by Matt Delahey.
12:05 of 2nd period - Puck is out of play.
12:06 of 2nd period - David Pope wins face-off versus Anders Lee in Gangsters zone.
12:06 of 2nd period - Minor Penalty to Morgan Ellis for Cross-checking.
12:07 of 2nd period - Richard Panik wins face-off versus Anders Lee in Gangsters zone.
12:16 of 2nd period - Slapshot by Jimmy Hayes.
12:16 of 2nd period - Deflect By Anders Lee.
12:16 of 2nd period - Shot Blocked by Brett Ponich.
12:16 of 2nd period - Puck is out of play.
12:17 of 2nd period - Richard Panik wins face-off versus Anders Lee in Gangsters zone.
12:34 of 2nd period - Wrist shot by Anders Lee.
12:34 of 2nd period - Stopped by Dustin Tokarski with a rebound.
12:36 of 2nd period - Snap shot by David Savard.
12:36 of 2nd period - Deflect By Jimmy Hayes.
12:36 of 2nd period - Shot Blocked by Richard Panik.
12:36 of 2nd period - Puck is out of play.
12:37 of 2nd period - Philip Varone wins face-off versus Richard Panik in Gangsters zone.
14:06 of 2nd period - Penalty to Morgan Ellis is over, Morgan Ellis is back on ice.
14:23 of 2nd period - Morgan Ellis is hit by Peter Cehlarik and loses puck.
15:43 of 2nd period - Wrist shot by Sebastian Collberg.
15:43 of 2nd period - Goal by Sebastian Collberg - Inferno : 3 - Gangsters : 4.
15:44 of 2nd period - Seth Griffith wins face-off versus Anders Lee in neutral zone.
15:47 of 2nd period - Slapshot by Morgan Ellis.
15:47 of 2nd period - Stopped by Michael Hutchinson with a rebound.
15:49 of 2nd period - Wrist shot by Seth Griffith.
15:49 of 2nd period - Shot Misses the Net.
15:55 of 2nd period - Slapshot by Richard Panik.
15:55 of 2nd period - Deflect By Seth Griffith.
15:55 of 2nd period - Stopped by Michael Hutchinson with a rebound.
15:57 of 2nd period - Wrist shot by Morgan Ellis.
15:57 of 2nd period - Deflect By Seth Griffith.
15:57 of 2nd period - Shot Misses the Net.
15:57 of 2nd period - Puck is out of play.
15:58 of 2nd period - Seth Griffith wins face-off versus Anders Lee in Inferno zone.
16:01 of 2nd period - Snap shot by Seth Griffith.
16:01 of 2nd period - Deflect By Richard Panik.
16:01 of 2nd period - Shot Blocked by Anders Lee.
16:01 of 2nd period - Puck is out of play.
16:02 of 2nd period - Seth Griffith wins face-off versus Anders Lee in Inferno zone.
16:05 of 2nd period - Wrist shot by Richard Panik.
16:05 of 2nd period - Deflect By Dave Dziurzynski.
16:05 of 2nd period - Shot Misses the Net.
16:05 of 2nd period - Puck is out of play.
16:06 of 2nd period - Seth Griffith wins face-off versus Anders Lee in Inferno zone.
16:13 of 2nd period - Snap shot by Seth Griffith.
16:13 of 2nd period - Deflect By Kevin Labanc.
16:13 of 2nd period - Stopped by Michael Hutchinson with a rebound.
16:15 of 2nd period - Minor Penalty to Matthew Nieto for Hooking.
16:16 of 2nd period - Seth Griffith wins face-off versus Vladimir Sobotka in Inferno zone.
16:17 of 2nd period - Snap shot by Dave Dziurzynski.
16:17 of 2nd period - Stopped by Michael Hutchinson without a rebound.
16:18 of 2nd period - Vladimir Sobotka wins face-off versus Seth Griffith in Inferno zone.
18:15 of 2nd period - Penalty to Matthew Nieto is over, Matthew Nieto is back on ice.
18:46 of 2nd period - Icing by Derrick Pouliot.
18:47 of 2nd period - Anders Lee wins face-off versus Samuel Blais in Gangsters zone.
19:13 of 2nd period - Minor Penalty to Adam Lowry for Slashing.
19:14 of 2nd period - Richard Panik wins face-off versus Anders Lee in Gangsters zone.
19:29 of 2nd period - Matt Delahey is hit by David Savard and loses puck.
Goals for this period are 2 for Inferno vs 3 for Gangsters.
Shots for this period are 17 for Inferno vs 17 for Gangsters.

3rd period


0:01 of 3rd period - Anders Lee wins face-off versus Richard Panik in neutral zone.
0:04 of 3rd period - Snap shot by Tanner Pearson.
0:04 of 3rd period - Stopped by Dustin Tokarski with a rebound.
0:06 of 3rd period - Slapshot by Christian Folin.
0:06 of 3rd period - Shot Blocked by Richard Panik.
0:08 of 3rd period - Slapshot by Christian Folin.
0:08 of 3rd period - Shot Misses the Net.
0:12 of 3rd period - Wrist shot by Tanner Pearson.
0:12 of 3rd period - Stopped by Dustin Tokarski without a rebound.
0:13 of 3rd period - Jimmy Hayes wins face-off versus Richard Panik in Gangsters zone.
0:19 of 3rd period - Slapshot by Christian Folin.
0:19 of 3rd period - Stopped by Dustin Tokarski with a rebound.
0:21 of 3rd period - Slapshot by Christian Folin.
0:21 of 3rd period - Stopped by Dustin Tokarski with a rebound.
0:23 of 3rd period - Slapshot by Christian Folin.
0:23 of 3rd period - Shot Blocked by Devante Smith-Pelly.
1:13 of 3rd period - Penalty to Adam Lowry is over, Adam Lowry is back on ice.
1:54 of 3rd period - Minor Penalty to Jonas Brodin for Slashing.
1:55 of 3rd period - Seth Griffith wins face-off versus Anders Lee in Gangsters zone.
3:17 of 3rd period - Tanner Pearson is hit by Dave Dziurzynski and loses puck.
3:21 of 3rd period - Icing by Mathieu Brodeur.
3:22 of 3rd period - Anders Lee wins face-off versus Stefan Noesen in Inferno zone.
3:27 of 3rd period - Jimmy Hayes is hit by Stefan Noesen and loses puck.
3:42 of 3rd period - Snap shot by Jimmy Hayes.
3:42 of 3rd period - Stopped by Dustin Tokarski without a rebound.
3:43 of 3rd period - Philip Varone wins face-off versus Richard Panik in Gangsters zone.
3:54 of 3rd period - Penalty to Jonas Brodin is over, Jonas Brodin is back on ice.
4:12 of 3rd period - Snap shot by Stefan Noesen.
4:12 of 3rd period - Stopped by Michael Hutchinson without a rebound.
4:13 of 3rd period - Adam Lowry wins face-off versus Philip Varone in Inferno zone.
4:46 of 3rd period - Snap shot by Jimmy Hayes.
4:46 of 3rd period - Shot Blocked by Jonas Brodin.
4:48 of 3rd period - Snap shot by Frank Corrado.
4:48 of 3rd period - Shot Misses the Net.
5:02 of 3rd period - Snap shot by Morgan Ellis.
5:02 of 3rd period - Deflect By David Pope.
5:02 of 3rd period - Stopped by Michael Hutchinson without a rebound.
5:03 of 3rd period - Kevin Roy wins face-off versus Anders Lee in Inferno zone.
5:12 of 3rd period - Snap shot by Devante Smith-Pelly.
5:12 of 3rd period - Stopped by Michael Hutchinson with a rebound.
5:14 of 3rd period - Snap shot by David Pope.
5:14 of 3rd period - Stopped by Michael Hutchinson without a rebound.
5:15 of 3rd period - Seth Griffith wins face-off versus Vladimir Sobotka in Inferno zone.
5:40 of 3rd period - Kevin Roy is hit by Matthew Nieto and loses puck.
6:15 of 3rd period - Minor Penalty to Tyler Shattock for Slashing.
6:16 of 3rd period - Matt Kassian wins face-off versus Seth Griffith in Inferno zone.
6:29 of 3rd period - Slapshot by Dave Dziurzynski.
6:29 of 3rd period - Stopped by Michael Hutchinson with a rebound.
8:13 of 3rd period - David Pope is hit by Matthew Nieto and loses puck.
8:15 of 3rd period - Penalty to Tyler Shattock is over, Tyler Shattock is back on ice.
8:26 of 3rd period - Phillip Danault is hit by Mathieu Brodeur and loses puck.
9:57 of 3rd period - Slapshot by Christian Folin.
9:57 of 3rd period - Shot Misses the Net.
9:59 of 3rd period - Snap shot by Kevin Labanc.
9:59 of 3rd period - Stopped by Dustin Tokarski without a rebound.
10:00 of 3rd period - Philip Varone wins face-off versus Kevin Roy in Gangsters zone.
10:24 of 3rd period - Mathieu Brodeur is hit by Brett Ponich and loses puck.
10:31 of 3rd period - Snap shot by Phillip Danault.
10:31 of 3rd period - Shot Blocked by Anders Lee.
10:33 of 3rd period - Snap shot by Phillip Danault.
10:33 of 3rd period - Shot Blocked by Anders Lee.
10:35 of 3rd period - Wrist shot by Stefan Noesen.
10:35 of 3rd period - Shot Misses the Net.
11:07 of 3rd period - Snap shot by Philip Varone.
11:07 of 3rd period - Stopped by Dustin Tokarski with a rebound.
11:09 of 3rd period - Slapshot by Christian Folin.
11:09 of 3rd period - Shot Misses the Net.
11:11 of 3rd period - Wrist shot by Kevin Labanc.
11:11 of 3rd period - Goal by Kevin Labanc - Inferno : 4 - Gangsters : 4.
11:12 of 3rd period - Seth Griffith wins face-off versus Tanner Pearson in neutral zone.
11:25 of 3rd period - Wrist shot by Jimmy Hayes.
11:25 of 3rd period - Shot Misses the Net.
11:27 of 3rd period - Snap shot by David Savard.
11:27 of 3rd period - Stopped by Dustin Tokarski with a rebound.
11:33 of 3rd period - Minor Penalty to Matt Delahey for Hooking.
11:34 of 3rd period - Richard Panik wins face-off versus Tanner Pearson in Gangsters zone.
12:05 of 3rd period - Slapshot by Christian Folin.
12:05 of 3rd period - Stopped by Dustin Tokarski with a rebound.
12:07 of 3rd period - Wrist shot by Matthew Nieto.
12:07 of 3rd period - Shot Blocked by Brett Ponich.
12:09 of 3rd period - Snap shot by Kevin Labanc.
12:09 of 3rd period - Deflect By Philip Varone.
12:09 of 3rd period - Stopped by Dustin Tokarski without a rebound.
12:10 of 3rd period - Philip Varone wins face-off versus Richard Panik in Gangsters zone.
13:33 of 3rd period - Penalty to Matt Delahey is over, Matt Delahey is back on ice.
13:48 of 3rd period - Victor Rask is hit by Jonas Brodin and loses puck.
14:17 of 3rd period - Tyler Shattock is hit by Dave Dziurzynski and loses puck.
14:51 of 3rd period - Snap shot by Phillip Danault.
14:51 of 3rd period - Stopped by Michael Hutchinson with a rebound.
15:27 of 3rd period - Wrist shot by David Pope.
15:27 of 3rd period - Goal by David Pope - Inferno : 4 - Gangsters : 5.
15:28 of 3rd period - Adam Lowry wins face-off versus Vladimir Sobotka in neutral zone.
15:28 of 3rd period - Brett Ponich is hit by Jimmy Hayes and loses puck.
15:29 of 3rd period - Brett Ponich from Gangsters is injured at 15:29 of 3rd period (Torn Left ACL).
15:30 of 3rd period - Adam Lowry wins face-off versus Philip Varone in neutral zone.
15:55 of 3rd period - Matt Delahey is hit by Christian Folin and loses puck.
16:18 of 3rd period - Slapshot by Stefan Noesen.
16:18 of 3rd period - Stopped by Michael Hutchinson with a rebound.
16:24 of 3rd period - Phillip Danault is hit by Tyler Shattock and loses puck.
16:35 of 3rd period - Slapshot by Matt Delahey.
16:35 of 3rd period - Stopped by Michael Hutchinson with a rebound.
16:37 of 3rd period - Snap shot by Adam Lowry.
16:37 of 3rd period - Shot Misses the Net.
16:39 of 3rd period - Wrist shot by Stefan Noesen.
16:39 of 3rd period - Shot Blocked by Matthew Nieto.
16:41 of 3rd period - Slapshot by Adam Lowry.
16:41 of 3rd period - Shot Misses the Net.
16:43 of 3rd period - Slapshot by Matt Delahey.
16:43 of 3rd period - Stopped by Michael Hutchinson without a rebound.
16:44 of 3rd period - Seth Griffith wins face-off versus Matt Kassian in Inferno zone.
16:57 of 3rd period - Dave Dziurzynski is hit by Matt Kassian and loses puck.
17:10 of 3rd period - David Pope is hit by Christian Folin and loses puck.
17:21 of 3rd period - Wrist shot by Jimmy Hayes.
17:21 of 3rd period - Stopped by Dustin Tokarski with a rebound.
17:23 of 3rd period - Snap shot by Vladimir Sobotka.
17:23 of 3rd period - Stopped by Dustin Tokarski with a rebound.
17:29 of 3rd period - Minor Penalty to Morgan Ellis for Hooking.
17:30 of 3rd period - Richard Panik wins face-off versus Anders Lee in Gangsters zone.
17:30 of 3rd period - Richard Panik is hit by Tanner Pearson.
17:40 of 3rd period - Wrist shot by Anders Lee.
17:40 of 3rd period - Stopped by Dustin Tokarski without a rebound.
17:41 of 3rd period - Anders Lee wins face-off versus Richard Panik in Gangsters zone.
17:44 of 3rd period - Slapshot by Christian Folin.
17:44 of 3rd period - Shot Blocked by Richard Panik.
17:46 of 3rd period - Backhand shot by Christian Folin.
17:46 of 3rd period - Goal by Christian Folin - Inferno : 5 - Gangsters : 5.
17:47 of 3rd period - Philip Varone wins face-off versus Adam Lowry in neutral zone.
17:50 of 3rd period - Snap shot by Christian Folin.
17:50 of 3rd period - Shot Misses the Net.
17:58 of 3rd period - Snap shot by Philip Varone.
17:58 of 3rd period - Stopped by Dustin Tokarski with a rebound.
18:00 of 3rd period - Slapshot by David Savard.
18:00 of 3rd period - Stopped by Dustin Tokarski with a rebound.
18:08 of 3rd period - Minor Penalty to Adam Lowry for Boarding.
18:09 of 3rd period - Richard Panik wins face-off versus Anders Lee in Gangsters zone.
18:22 of 3rd period - Snap shot by Tanner Pearson.
18:22 of 3rd period - Shot Blocked by Ryan Culkin.
19:14 of 3rd period - Richard Panik is hit by Esa Lindell and loses puck.
Goals for this period are 2 for Inferno vs 1 for Gangsters.
Shots for this period are 17 for Inferno vs 10 for Gangsters.

Overtime #1


0:01 of 1st overtime period - Richard Panik wins face-off versus Jimmy Hayes in neutral zone.
0:08 of 1st overtime period - Penalty to Adam Lowry is over, Adam Lowry is back on ice.
0:41 of 1st overtime period - Snap shot by Morgan Ellis.
0:41 of 1st overtime period - Shot Blocked by Christian Folin.
0:43 of 1st overtime period - Slapshot by Jonas Brodin.
0:43 of 1st overtime period - Goal by Jonas Brodin - Inferno : 5 - Gangsters : 6.
Goals for this period are 0 for Inferno vs 1 for Gangsters.
Shots for this period are 0 for Inferno vs 1 for Gangsters.